 Dungeon Crawl Stone Soup version 0.17-a0-2208-ge5ab1d3 (webtiles) character file.

25518 pk666 the Warrior (level 12, -3/122 HPs)
             Began as a Minotaur Berserker on Oct 26, 2015.
             Was the Champion of Trog.
             Splashed by a brown ugly thing's acid (11 damage)
             ... on level 14 of the Dungeon.
             The game lasted 00:37:09 (13880 turns).

pk666 the Warrior (Minotaur Berserker)             Turns: 13880, Time: 00:37:09

Health: -3/122     AC:  7    Str: 27    XL:     12   Next: 90%
Magic:  11/11      EV: 11    Int:  4    God:    Trog [******]
Gold:   871        SH:  0    Dex: 10    Spells: 0 memorised, 11 levels left

rFire  + . .     SeeInvis .     a - +12 battleaxe of Teniff {elec, rPois}
rCold  . . .     Clarity  .     L - +2 scale mail {rF+}
rNeg   . . .     SustAt   +     (no shield)
rPois  +         Gourm    .     g - +1 hat
rElec  .         Spirit   .     (no cloak)
rCorr  .         Warding  .     r - +0 pair of gloves
rMut   .         Stasis   .     M - +0 pair of boots
MR     +....                    m - amulet of faith
Stlth  ..........               E - ring of sustain attributes
                                t - ring of protection from magic

@: exhausted, corroded equipment, hasted and slowed, somewhat resistant to
hostile enchantments, extremely unstealthy
A: retaliatory headbutt, horns 2
a: Berserk, Trog's Hand, Brothers in Arms, Burn Spellbooks, Renounce Religion


You were on level 14 of the Dungeon.
You worshipped Trog.
Trog was exalted by your worship.
You were hungry.

You visited 2 branches of the dungeon, and saw 15 of its levels.
You also visited: Bailey.

You collected 871 gold pieces.

Inventory:

Hand Weapons
 a - the +12 battleaxe of Teniff (weapon) {elec, rPois}
   (Trog gifted it to you on level 8 of the Dungeon)

   Occasionally, upon striking a foe, it will discharge some electrical energy
   and cause terrible harm.
   It protects you from poison.
 G - a +3 antimagic executioner's axe
Armour
 g - a +1 hat (worn)
 r - a +0 pair of gloves (worn)
 L - a +2 scale mail of fire resistance (worn)
 M - a +0 pair of boots (worn)
Jewellery
 m - an amulet of faith (around neck)
 t - a ring of protection from magic (left hand)
 u - an uncursed ring of protection from magic
 E - a ring of sustain attributes (right hand)
 W - an uncursed ring of protection from cold
Wands
 w - a wand of disintegration (13)
 z - a wand of polymorph (9)
 C - a wand of confusion (31)
 I - a wand of frost (16)
 K - a wand of polymorph (10)
 P - a wand of lightning (6)
 Q - a wand of lightning (3)
 V - a wand of confusion (15)
 Y - a wand of random effects (33)
 Z - a wand of draining (8)
Scrolls
 i - 6 scrolls of remove curse
 l - 5 scrolls of fear {unknown}
 n - 4 scrolls of blinking {unknown}
 o - 7 scrolls of identify
 q - a scroll of holy word {unknown}
 s - a scroll of recharging {unknown}
 v - 5 scrolls of teleportation {unknown}
 x - 2 scrolls of amnesia {unknown}
 y - a scroll of enchant armour {unknown}
 B - a scroll of enchant weapon {unknown}
 D - 4 scrolls of immolation {unknown}
 N - a scroll of fog {unknown}
 R - 3 scrolls of silence {unknown}
 S - 2 scrolls of magic mapping {unknown}
 U - 2 scrolls of noise {unknown}
Potions
 b - 2 potions of flight
 d - 3 potions of haste
 e - 6 potions of curing
 f - a potion of might
 j - 2 potions of agility
 k - a potion of resistance
 p - a potion of heal wounds
 A - a potion of cure mutation
 F - a potion of invisibility
Comestibles
 c - 14 bread rations
 h - 10 meat rations
 H - 2 royal jellies
 J - 4 beef jerkies
 O - 8 slices of pizza
 T - 5 fruits


   Skills:
 * Level 16.2 Fighting
 * Level 15.8 Axes
 + Level 11.9 Armour
 - Level 2.1 Dodging


You had 11 spell levels left.
You didn't know any spells.

Dungeon Overview and Level Annotations

Branches:
Dungeon (14/15)            Temple (1/1) D:4            Lair (0/8) D:10
    Orc (0/4) D:11
 Vaults: D:13-14

Altars:
Ashenzari
Cheibriados
Dithmenos
Elyvilon
Fedhas
Gozag
Kikubaaqudgha
Makhleb
Nemelex Xobeh
Okawaru
Qazlal
Ru
Sif Muna
Trog
Vehumet
Xom
Yredelemnul
Zin
The Shining One

Shops:
D:4 :


Innate Abilities, Weirdness & Mutations

You reflexively headbutt those who attack you in melee.
You have a pair of horns on your head.


Message History

* * * LOW HITPOINT WARNING * * *
The troll claws you.
* * * LOW HITPOINT WARNING * * *
The troll barely misses you. The brown ugly thing punches you.
* * * LOW HITPOINT WARNING * * *
You are splashed with acid!
The acid burns!
* * * LOW HITPOINT WARNING * * *
Drink which item? (? for menu, Esc to quit)
You feel much better. The troll closely misses you.
The troll claws you but does no damage. x2
The brown ugly thing punches you.
* * * LOW HITPOINT WARNING * * *
You are splashed with acid!
The acid corrodes you!
The acid burns!
* * * LOW HITPOINT WARNING * * *
The troll closely misses you. The troll misses you. The troll misses you.
Drink which item? (? for menu, Esc to quit)
You feel yourself speed up. The brown ugly thing punches you!
* * * LOW HITPOINT WARNING * * *
You are splashed with acid!
The acid burns!
You die...

#......# #.....# .. #......#
#.....# #.# #...>..#
#.....########.# #......#
#..............#
##......######......#§#.....#
...................#§§.#....#
#####.....#########(#§#.##..#####
#.#####.......)§._§§§........
#.#.........@.#.#.#§#........
#.#........uT†.#§§.#.#.......
###.............#§#..#.......
......†............###.....
.....................#.....
.....................#..=..
.....................#.....
................... #####.
.......######..... #.


You could see a brown ugly thing and a troll.

Vanquished Creatures
  A fire dragon (D:9)
  Harold (D:10)
  A centaur warrior (D:13)
  2 tengu warriors (D:13)
  The ghost of emiel the Martial Artist, a novice HuMo of Cheibriados (D:13)
  Urug (D:10)
  An unseen horror (D:11)
  An orc knight (Bailey)
  4 hill giants
  6 ugly things
  The ghost of Goblin1989 the Basher, a novice GrGl of Makhleb (Bailey)
  Joseph (D:9)
  3 gargoyles (D:10)
  An efreet (D:13)
  4 trolls
  2 two-headed ogres
  A trapdoor spider (D:14)
  2 shadows
  2 deep elf magi
  A human (D:8)
  9 yaks
  2 vampire mosquitoes (D:13)
  4 wraiths
  A wyvern (D:10)
  5 wolves (D:10)
  2 hippogriffs
  4 hungry ghosts
  8 orc warriors
  4 sky beasts
  8 ogres
  4 ice beasts
  A phantom (D:12)
  5 black bears
  7 centaurs
  A big kobold (D:12)
  3 giant frogs
  11 killer bees
  4 scorpions
  12 wights
  An electric eel (D:10)
  3 wasp zombies
  3 centaur zombies
  11 crimson imps
  3 giant frog zombies
  6 orc priests
  5 centaur skeletons
  5 jellies
  13 orc wizards
  A gnoll shaman (D:8)
  12 hounds
  10 worker ants
  4 iguanas
  2 quasits
  A hound zombie (D:8)
  A worker ant zombie (D:8)
  Robin (D:3)
  13 gnolls
  10 adders
  An adder zombie (D:8)
  7 worms
  An adder skeleton (D:5)
  2 giant geckos (D:4)
  56 orcs
  8 giant cockroaches
  20 goblins
  6 hobgoblins
  22 kobolds
  7 quokkas
  A ball python (D:2)
  6 bats
  3 giant newts
  12 jackals
  2 quokka skeletons (D:5)
  26 rats
417 creatures vanquished.

Vanquished Creatures (others)
  A jelly (D:8)
1 creature vanquished.

Grand Total: 418 creatures vanquished

Notes
Turn   | Place    | Note
--------------------------------------------------------------
     0 | D:1      | pk666 the Minotaur Berserker began the quest for the Orb.
     0 | D:1      | Reached XP level 1. HP: 19/19 MP: 0/0
   313 | D:1      | Reached skill level 4 in Axes
   314 | D:1      | Reached XP level 2. HP: 22/27 MP: 1/1
   739 | D:2      | Reached XP level 3. HP: 29/33 MP: 2/2
   778 | D:2      | Reached ** piety under Trog
  1177 | D:2      | Reached *** piety under Trog
  1177 | D:2      | Reached XP level 4. HP: 36/41 MP: 3/3
  1341 | D:3      | Reached skill level 5 in Axes
  1392 | D:3      | Reached skill level 5 in Fighting
  1424 | D:3      | Noticed Robin
  1440 | D:3      | Reached **** piety under Trog
  1450 | D:3      | Received a gift from Trog
  1457 | D:3      | Reached XP level 5. HP: 48/48 MP: 4/4
  1463 | D:3      | Killed Robin
  1952 | D:3      | Reached XP level 6. HP: 53/56 MP: 5/5
  2166 | D:4      | Reached ***** piety under Trog
  2244 | D:4      | Found a staircase to the Ecumenical Temple.
  2255 | D:4      | Found Isunaise's Book Boutique.
  2261 | D:4      | Reached skill level 6 in Axes
  2297 | Temple   | Entered the Ecumenical Temple
  2580 | D:4      | Reached XP level 7. HP: 64/64 MP: 6/6
  2609 | D:4      | Reached skill level 5 in Armour
  2615 | D:4      | Reached skill level 7 in Fighting
  2840 | D:4      | Found a deep blue altar of Sif Muna.
  3648 | D:4      | Received a gift from Trog
  4053 | D:5      | Entered Level 5 of the Dungeon
  4075 | D:5      | Reached XP level 8. HP: 71/74 MP: 7/7
  4301 | D:5      | Reached skill level 8 in Axes
  4988 | D:6      | Received a gift from Trog
  5059 | D:6      | Found a basalt altar of Yredelemnul.
  5062 | D:6      | Found a sparkling altar of Nemelex Xobeh.
  5065 | D:6      | Found a white marble altar of Elyvilon.
  5243 | D:6      | Reached skill level 9 in Fighting
  5713 | D:7      | Found a bloodstained altar of Trog.
  5919 | D:7      | Reached XP level 9. HP: 84/84 MP: 8/8
  6134 | D:7      | HP: 6/127 [orc warrior/trident of flaming (1)]
  6140 | D:7      | Reached skill level 10 in Fighting
  6882 | D:7      | Reached skill level 10 in Axes
  7157 | D:8      | Received a gift from Trog
  7163 | D:8      | Got a translucent battleaxe {god gift}
  7197 | D:8      | Identified the +12 battleaxe of Teniff {elec, rPois} (Trog gifted it to you on level 8 of the Dungeon)
  7341 | D:8      | Reached skill level 11 in Fighting
  7560 | D:8      | Found a shattered altar of Ashenzari.
  7582 | D:8      | Found a burning altar of Makhleb.
  7599 | D:9      | Noticed a hill giant
  7606 | D:9      | Killed a hill giant
  7606 | D:9      | Reached XP level 10. HP: 74/96 MP: 9/9
  7913 | D:9      | Noticed Joseph
  7927 | D:9      | Killed Joseph
  7927 | D:9      | Reached skill level 12 in Fighting
  8291 | D:9      | Noticed a fire dragon
  8306 | D:9      | Killed a fire dragon
  8773 | D:10     | Entered Level 10 of the Dungeon
  8862 | D:10     | Reached skill level 13 in Fighting
  8865 | D:10     | Reached ****** piety under Trog
  8874 | D:10     | Received a gift from Trog
  9092 | D:10     | Found a staircase to the Lair.
  9099 | D:10     | Reached XP level 11. HP: 101/107 MP: 10/10
  9256 | D:10     | Noticed Urug
  9268 | D:10     | Killed Urug
  9399 | D:10     | Noticed a hill giant
  9403 | D:10     | Killed a hill giant
  9568 | D:10     | Found a burning altar of Makhleb.
  9607 | D:10     | Noticed Harold
  9613 | D:10     | Killed Harold
  9802 | D:10     | Reached skill level 10 in Armour
 10073 | D:11     | Killed an unseen horror
 10073 | D:11     | Reached skill level 14 in Fighting
 10463 | D:11     | Found a shadowy altar of Dithmenos.
 10568 | D:11     | Found a staircase to the Orcish Mines.
 10806 | D:11     | Noticed a hill giant
 10812 | D:11     | Killed a hill giant
 11037 | D:11     | Noticed a hill giant
 11044 | D:11     | Killed a hill giant
 11044 | D:11     | Received a gift from Trog
 11346 | D:12     | Found a flagged portal.
 11364 | Bailey   | Entered a bailey
 11543 | Bailey   | Noticed Goblin1989's ghost (novice GrGl)
 11554 | Bailey   | Killed Goblin1989's ghost
 11840 | Bailey   | Found a burning altar of Makhleb.
 11933 | D:12     | Reached XP level 12. HP: 107/118 MP: 11/11
 12386 | D:12     | Reached skill level 15 in Fighting
 12531 | D:13     | Received a gift from Trog
 12819 | D:13     | Noticed a centaur warrior
 12827 | D:13     | Killed a centaur warrior
 12831 | D:13     | Reached skill level 15 in Axes
 13187 | D:13     | Noticed emiel's ghost (novice HuMo)
 13198 | D:13     | Killed emiel's ghost
 13575 | D:14     | Reached skill level 16 in Fighting
 13645 | D:14     | Found a shadowy altar of Dithmenos.
 13682 | D:14     | Found a stormy altar of Qazlal.
 13880 | D:14     | Splashed by a brown ugly thing's acid

Vault maps used:
D:1:      sevenhm_arrival_forest_fort_large_2
D:2:      minmay_rat_hole
D:3:      uniq_robin
D:4:      overflow_temple_1_default, minmay_temple_entry_statues_fountains,
          serial_shops, nicolae_shop_temple_entry_statues_fountains,
          first_bread, hex_large
D:6:      grunt_temple_overflow_diamond
D:7:      overflow_temple_1_default
D:8:      makhleb_grotto_becter, basic_altar, grunt_pizzeria,
          lemuel_flame_loot_1
D:9:      dragon1_lemuel, minivault_22, uniq_joseph
D:10:     erik_lair_island, bloody_makhleb, uniq_urug, uniq_harold
D:11:     david_orc_4, basic_altar, minmay_misc_feat_ornament
D:12:     enter_bailey_3
D:14:     david_vaults_5, basic_altar, grunt_dithmenos_smoke_and_mirrors
Temple:   circular_temple_13
Bailey:   bailey_axe_3, bailey

Action                   |  1- 3 |  4- 6 |  7- 9 | 10-12 || total
-------------------------+-------+-------+-------+-------++-------
Melee: Hand axe          |    98 |   168 |   317 |       ||   583
       Battleaxe         |       |       |    33 |   371 ||   404
Invok: Berserk           |       |     2 |     2 |    11 ||    15
       Burn Spellbooks   |       |       |       |     3 ||     3
  Use: Scroll            |       |       |       |    15 ||    15
       Potion            |       |       |       |     3 ||     3
  Eat: Chunk             |     1 |     7 |    18 |    30 ||    56
       Bread ration      |       |       |       |     1 ||     1
       Pizza             |       |       |       |     1 ||     1
